Map: Torches LE

Players

Serral - Winner!

  • Race: Zerg Zerg
  • Spawn Location: 5:00

FalconsSolar (Solar)

  • Race: Zerg Zerg
  • Spawn Location: 1:00

Event: DreamHack Dallas 2025

VOD

Have the link to the VOD?

Description

Time

  • Played on: May 24, 2025, 1:36 p.m.
  • Length: 10:43

All games in this series

Show
View Real Time Build Order
Export as new Build Order

Serral Zerg - Winner!

Build Orders: Hatch First, Roach Hydra 

Get SALT Encoding   

  12  0:00  Drone  
  13  0:07  Drone  
  13  0:14  Drone, Extractor  
  15  0:21  Overlord  
  15  0:39  Drone  
  16  0:45  Hatchery  
  16  0:49  Drone  
  16  0:52  Drone  
  16  0:56  Drone  
  18  1:06  Extractor  
  17  1:11  Spawning Pool  
  17  1:15  Drone  
  17  1:18  Drone  
  18  1:26  Drone  
  19  1:37  Drone  
  20  1:49  Drone  
  21  1:58  Queen x2  
  21  2:00  Zergling x2  
  21  2:01  Overlord  
  27  2:08  Drone  
  27  2:09  Drone  
  27  2:12  Metabolic Boost  
  28  2:19  Zergling x2  
  28  2:20  Drone  
  30  2:29  Drone  
  31  2:30  Drone  
  32  2:38  Hatchery  
  32  2:40  Drone  
  32  2:46  Baneling Nest  
  32  2:50  Overlord  
  31  2:53  Drone  
  31  2:56  Drone  
  33  3:03  Queen  
  35  3:08  Zergling x4  
  35  3:12  Drone x2  
  39  3:16  Overlord  
  39  3:20  Zergling x2  
  39  3:21  Zergling x2  
  39  3:23  Drone  
  39  3:25  Drone  
  39  3:27  Drone  
  44  3:36  Drone, Roach Warren  
  44  3:40  Drone x2  
  46  3:42  Baneling  
  46  3:45  Overlord  
  46  3:46  Drone  
  47  3:49  Drone  
  47  3:50  Drone  
  49  3:58  Drone x3  
  49  4:00  Drone  
  49  4:01  Drone x2  
  54  4:05  Extractor  
  54  4:06  Drone  
  54  4:10  Drone x3  
  54  4:12  Overlord  
  57  4:17  Zergling x2  
  57  4:18  Drone x3  
  57  4:23  Drone, Extractor  
  61  4:24  Overlord  
  61  4:27  Overlord  
  61  4:36  Overlord  
  61  4:42  Roach x6  
  72  4:45  Overlord  
  72  4:48  Baneling  
  72  4:50  Roach x2  
  76  4:54  Roach x2  
  76  4:55  Overlord  
  80  5:02  Roach x2  
  80  5:03  Baneling  
  80  5:05  Evolution Chamber, Roach  
  85  5:10  Roach x2  
  89  5:14  Overlord  
  89  5:18  Drone x2  
  89  5:20  Drone  
  91  5:21  Lair  
  91  5:23  Drone x3  
  91  5:25  Extractor  
  95  5:28  Roach x2  
  95  5:32  Roach x2  
  95  5:35  Zerg Missile Weapons Level 1  
  101  5:38  Overlord  
  101  5:42  Roach x2  
  104  5:48  Roach x2  
  108  5:51  Spine Crawler  
  108  5:53  Overlord  
  107  5:59  Roach x4  
  114  6:04  Roach x2  
  114  6:07  Spine Crawler  
  114  6:09  Drone x2  
  114  6:10  Drone x2  
  121  6:15  Overlord, Extractor  
  121  6:16  Roach  
  121  6:17  Roach x2  
  127  6:18  Overseer  
  127  6:28  Drone x2  
  127  6:29  Overlord x2  
  127  6:30  Roach  
  127  6:31  Roach  
  127  6:32  Overlord  
  133  6:35  Ravager x2  
  133  6:37  Roach x2  
  139  6:42  Roach x2  
  139  6:45  Overlord  
  143  6:47  Ravager  
  143  6:50  Roach x2  
  143  6:53  Roach x2  
  152  6:58  Roach  
  152  6:59  Roach x2  
  158  7:02  Roach  
  158  7:03  Roach  
  161  7:09  Overseer  
  161  7:10  Roach x4  
  161  7:13  Overlord  
  161  7:15  Ravager  
  170  7:16  Overlord  
  170  7:19  Roach x2  
  174  7:25  Roach  
  174  7:28  Overlord x3  
  176  7:35  Glial Reconstitution  
  176  7:37  Roach x3  
  182  7:45  Roach x2, Hydralisk Den  
  182  7:50  Zergling x12  
  177  7:55  Zergling x8  
  174  8:00  Zergling x4  
  174  8:05  Zergling x10  
  143  8:13  Roach x3  
  143  8:17  Roach x2  
  143  8:21  Hydralisk, Grooved Spines  
  143  8:25  Hydralisk  
  136  8:29  Hydralisk  
  136  8:32  Hydralisk  
  132  8:37  Hydralisk x4  
  134  8:42  Spore Crawler  
  134  8:43  Drone, Spore Crawler  
  134  8:44  Hydralisk  
  133  8:50  Hydralisk x2  
  137  8:59  Hydralisk x2  
  139  9:06  Hydralisk x2  
  142  9:15  Muscular Augments  
  142  9:19  Roach x3  
  146  9:24  Roach x3  
  152  9:33  Roach x5, Spore Crawler  
  161  9:43  Roach  
  161  9:44  Roach x4  
  171  9:47  Overlord  
  170  9:53  Roach x4  
  170  9:54  Overseer  
  170  9:57  Drone  
  179  10:06  Roach x2  
  183  10:13  Roach x4  
  191  10:14  Roach  
  191  10:19  Roach x3  
Show
View Real Time Build Order
Export as new Build Order

FalconsSolar Zerg 

Build Orders: Hatch First 

Get SALT Encoding   

  12  0:00  Drone  
  13  0:07  Drone  
  14  0:14  Drone, Extractor  
  15  0:21  Overlord  
  15  0:41  Drone  
  16  0:45  Hatchery  
  16  0:49  Drone  
  16  0:52  Drone  
  16  0:56  Drone  
  18  1:06  Extractor  
  17  1:12  Spawning Pool  
  17  1:15  Drone  
  17  1:18  Drone  
  18  1:26  Drone  
  19  1:37  Drone  
  20  1:47  Drone  
  21  1:58  Queen x2  
  21  1:59  Zergling x2  
  21  2:00  Overlord  
  26  2:09  Metabolic Boost  
  26  2:11  Drone  
  27  2:16  Drone  
  27  2:21  Drone x2  
  30  2:30  Zergling x2  
  30  2:32  Drone  
  32  2:38  Hatchery  
  32  2:41  Drone  
  32  2:44  Drone  
  33  2:49  Baneling Nest  
  32  2:53  Overlord  
  32  2:57  Drone  
  33  3:03  Drone x2  
  35  3:09  Drone  
  35  3:12  Zergling x4, Drone  
  39  3:13  Drone  
  39  3:16  Evolution Chamber  
  39  3:17  Zergling x2  
  39  3:19  Drone  
  41  3:24  Overlord  
  41  3:28  Drone  
  41  3:33  Drone  
  43  3:40  Drone  
  44  3:43  Drone x2  
  44  3:45  Zerg Missile Weapons Level 1  
  44  3:46  Zergling x2  
  47  3:49  Drone x2  
  47  3:54  Drone x3, Roach Warren  
  51  3:58  Extractor  
  51  4:02  Queen  
  49  4:05  Overlord  
  49  4:08  Drone  
  49  4:09  Drone  
  53  4:10  Drone  
  53  4:11  Drone  
  53  4:14  Drone x2  
  57  4:18  Lair  
  57  4:21  Overlord  
  57  4:24  Drone x2  
  57  4:26  Drone  
  57  4:29  Drone x2, Extractor  
  61  4:35  Roach x2  
  61  4:37  Drone  
  66  4:38  Overlord  
  66  4:39  Extractor  
  66  4:41  Roach  
  66  4:46  Roach x3  
  72  4:53  Overlord  
  72  4:56  Overlord  
  72  4:57  Roach  
  72  4:58  Roach x2  
  78  5:00  Extractor, Roach  
  78  5:02  Drone  
  78  5:04  Extractor  
  78  5:05  Drone  
  81  5:09  Overlord  
  81  5:10  Overlord  
  81  5:12  Baneling  
  81  5:13  Spine Crawler, Baneling  
  81  5:14  Roach  
  82  5:15  Roach  
  82  5:18  Roach  
  82  5:21  Roach  
  88  5:23  Roach  
  88  5:25  Roach  
  93  5:30  Glial Reconstitution  
  93  5:33  Roach x3  
  93  5:35  Overlord  
  99  5:36  Overlord  
  99  5:38  Overseer  
  99  5:42  Roach  
  100  5:44  Roach  
  100  5:47  Roach  
  100  5:48  Roach  
  100  5:49  Roach  
  108  5:53  Overlord  
  108  5:56  Roach  
  110  5:58  Roach  
  110  6:01  Roach x2  
  116  6:05  Roach  
  118  6:15  Spire  
  118  6:16  Drone x4  
  121  6:19  Extractor  
  121  6:20  Drone x2  
  121  6:22  Drone  
  123  6:28  Drone x3  
  123  6:30  Overlord  
  123  6:32  Drone  
  127  6:35  Drone x2  
  127  6:37  Drone  
  130  6:40  Drone x2  
  130  6:44  Overlord  
  130  6:46  Zerg Missile Weapons Level 2  
  132  6:49  Drone  
  132  6:50  Drone  
  132  6:53  Overlord  
  134  6:55  Drone  
  134  6:56  Drone  
  134  6:57  Drone  
  134  6:58  Drone  
  136  7:19  Overlord  
  136  7:24  Centrifugal Hooks  
  136  7:27  Mutalisk x4, Hatchery  
  136  7:28  Mutalisk x2  
  147  7:31  Roach x6  
  147  7:36  Roach  
  160  7:40  Roach x4  
  160  7:42  Overlord  
  160  7:43  Overlord  
  168  7:46  Mutalisk  
  168  7:50  Roach x2  
  152  7:52  Roach x2  
  152  7:56  Roach x2  
  148  8:00  Roach x3  
  148  8:03  Roach x2  
  136  8:06  Roach  
  109  8:13  Roach  
  109  8:15  Roach x3  
  109  8:18  Roach  
  105  8:23  Roach  
  105  8:26  Roach x2  
  99  8:27  Roach x3  
  93  8:35  Roach  
  93  8:39  Roach x2  
  95  8:49  Roach  
  95  8:50  Roach  
  95  8:54  Hatchery  
  103  9:04  Hatchery  
  103  9:05  Queen x2  
  103  9:08  Roach  
  103  9:09  Roach  
  106  9:11  Roach  
  106  9:15  Roach  
  110  9:17  Ravager x4  
  110  9:20  Roach  
  116  9:24  Roach  
  116  9:25  Ravager x2  
  116  9:30  Roach  
  122  9:32  Roach  
  122  9:43  Roach x2  
  124  9:50  Roach  
  126  9:56  Roach  
  128  10:01  Roach  
  128  10:06  Roach  
  132  10:11  Hatchery  
  132  10:13  Roach  
  133  10:16  Roach x2  
  133  10:17  Roach x2  
  141  10:22  Roach x2  
Tags
 
Add a new tag
Caveats
  • Supply blocks, unpowered buildings, or Contaminate may cause inaccurate times.
  • Supply counts are checked every 10 seconds.